 Dungeon Crawl Stone Soup version 0.30.1-11-g7821555f0a (webtiles) character file.

Game seed: 13782603346842497245

336 bnorton916 the Magician (level 6, 0/32 HPs)
             Began as a Deep Elf Fire Elementalist on Dec 3, 2023.
             Was a Follower of Vehumet.
             Succumbed to an orc's poison
             ... on level 3 of the Dungeon.
             The game lasted 00:06:24 (6830 turns).

bnorton916 the Magician (DEFE)                      Turns: 6830, Time: 00:06:25

Health: 0/32       AC:  3    Str:  5    XL:     6   Next: 28%
Magic:  14/15      EV: 12    Int: 22    God:    Vehumet [*.....]
Gold:   188        SH:  0    Dex: 15    Spells: 8/14 levels left

rFire   . . .        (no weapon)
rCold   . . .        (no shield)
rNeg    . . .        a - +0 robe
rPois   .            (no helmet)
rElec   .            (no cloak)
rCorr   .            (no gloves)
SInv    .            e - +0 pair of boots
Will    .....        (no amulet)
Stlth   ++           (no ring)
HPRegen 0.25/turn    (no ring)
MPRegen 0.14/turn

%: no passive effects
@: lethally poisoned (0 -> -7)
A: no striking features
a: Renounce Religion


You were on level 3 of the Dungeon.
You worshipped Vehumet.
Vehumet was aware of your devotion.
You visited 1 branch of the dungeon, and saw 4 of its levels.

You collected 188 gold pieces.

Inventory:

Hand Weapons
 k - a +1 short sword of electrocution
 s - a +0 dagger of holy wrath
 D - a +2 war axe of venom
Missiles
 d - 7 poisoned darts
Armour
 a - a +0 robe (worn)
 e - a +0 pair of boots (worn)
 t - a +2 leather armour of poison resistance
 E - a +0 buckler
Jewellery
 m - a ring of magical power
 n - a ring of fire
Wands
 u - a wand of charming (14)
Scrolls
 f - a scroll of teleportation {unknown}
 h - a scroll of poison {unknown}
 j - 2 scrolls of enchant weapon {unknown}
 l - a scroll of blinking {unknown}
 o - 6 scrolls of identify {unknown}
 r - 2 scrolls of fear {unknown}
 w - a scroll of vulnerability {unknown}
 x - a scroll of noise {unknown}
 y - 2 scrolls of immolation {unknown}
 C - a scroll of torment {unknown}
Potions
 b - 2 potions of magic
 c - 4 potions of curing {unknown}
 g - a potion of berserk rage {unknown}
 i - a potion of heal wounds {unknown}
 p - a potion of resistance {unknown}
 q - 3 potions of lignification {unknown}
 v - a potion of ambrosia {unknown}
 z - a potion of flight {unknown}
 A - a potion of attraction {unknown}
 B - 2 potions of mutation {unknown}


   Skills:
 + Level 1.2 Armour
 - Level 2.4 Dodging
 - Level 2.4 Stealth
 + Level 4.8 Spellcasting
 + Level 3.2 Conjurations
 - Level 1.7 Transmutations
 + Level 4.6 Fire Magic
 + Level 2.7 Poison Magic


You had 8 spell levels left.
You knew the following spells:

 Your Spells              Type           Power      Damage    Failure   Level
a - Foxfire               Conj/Fire      88%        2x1d8     1%          1
b - Sting                 Tmut/Pois      60%        1d6       4%          1
c - Scorch                Fire           50%        2d7       2%          2
d - Poisonous Vapours     Pois/Air       22%        N/A       9%          2

Your spell library contained the following spells:

 Spells                   Type           Power      Damage    Failure   Level
 Magic Dart               Conj           76%        1d6       2%          1
 Inner Flame              Hex/Fire       15%        N/A       12%         3
 Volatile Blastmotes      Fire/Tloc      30%        2d12      12%         3
 Flame Wave               Conj/Fire      22%        2d8       21%         4
 Olgreb's Toxic Radiance  Pois           17%        N/A       32%         4


Dungeon Overview and Level Annotations

Branches:
Dungeon (4/15)
 Temple: D:4-7

Altars:
Ashenzari
Kikubaaqudgha
Trog
Vehumet


Message History

You climb downwards.
The orc hits you with a +2 dagger of venom.
You are poisoned.
The orc hits you with a +2 dagger of venom.
You are more poisoned.
There is a stone staircase leading up here.
Casting: Foxfire (safe; 1% risk of failure)
Confirm with . or Enter, or press ? or * to list all spells.
You conjure some foxfire!
You feel very sick. The orc barely misses you.
You feel very sick.
The foxfire hits the orc but does no damage.
The foxfire hits the orc.
The orc is heavily wounded.
The orc misses you.
Unknown command.
Casting: Foxfire (safe; 1% risk of failure)
Confirm with . or Enter, or press ? or * to list all spells.
You conjure some foxfire!
You feel very sick. The orc hits you but does no damage.
You are lethally poisoned!
You feel very sick.
The foxfire hits the orc.
You kill the orc!
Vehumet accepts your kill.
Unknown command.
* * * LOW HITPOINT WARNING * * *
You feel very sick.
Things that are here:
a +2 dagger of venom; a +0 ring mail
* * * LOW HITPOINT WARNING * * *
You feel very sick.
Your foxfire dissipates!
There is a stone staircase leading up here.
* * * LOW HITPOINT WARNING * * *
You feel sick.
You climb upwards.
You die...

######### #.......#
#######.#####.#
#..........##.#
##.###.###..##>#########
#..#.....#..............
#..#.....#.###.#########
#......@.([.#..# #
##..#.....#...#.#### #
#...#.....#..###.#.######
#.#.###.###.## ##.#......
#####.#..........###.###.##..
#..........#.####.#.## ##.<..
##.#######..........## #....
####...######..#.#####..##
##.... .....#...........#
#...###..#..


There were no monsters in sight!

Vanquished Creatures
  3 hounds (D:4)
  A sleepcap (D:3)
  Jessica (D:3)
  4 adders
  4 gnolls
  A worm (D:3)
  6 dart slugs
  11 orcs
  8 ball pythons
  5 bats
  7 endoplasms
  3 giant cockroaches
  8 goblins
  8 hobgoblins
  6 quokkas
  A frilled lizard (D:3)
  11 kobolds
  10 rats
98 creatures vanquished.

Vanquished Creatures (others)
  381 foxfires
381 creatures vanquished.

Grand Total: 479 creatures vanquished

Notes
Turn   | Place    | Note
-------+----------+-------------------------------------------
     0 | D:1      | bnorton916 the Deep Elf Fire Elementalist began the quest
                  | for the Orb.
     0 | D:1      | Reached XP level 1. HP: 10/10 MP: 6/6
   307 | D:1      | Reached XP level 2. HP: 15/15 MP: 6/8
   375 | D:1      | Learned a level 1 spell: Sting
   403 | D:1      | You fall into a shaft and drop 1 floor!
   548 | D:2      | Found a broken altar of Ashenzari.
  1268 | D:2      | Reached XP level 3. HP: 19/19 MP: 7/10
  1633 | D:2      | Reached skill level 1 in Poison Magic
  1721 | D:2      | Reached skill level 1 in Transmutations
  2082 | D:2      | Reached XP level 4. HP: 24/24 MP: 7/11
  3840 | D:3      | Found a radiant altar of Vehumet.
  3846 | D:3      | Became a worshipper of Vehumet
  4129 | D:3      | Found a broken altar of Ashenzari.
  4533 | D:3      | Reached XP level 5. HP: 28/28 MP: 10/13
  5141 | D:3      | Noticed Jessica
  5148 | D:3      | Killed Jessica
  5814 | D:4      | Learned a level 2 spell: Scorch
  5817 | D:4      | Learned a level 2 spell: Poisonous Vapours
  5849 | D:4      | Found a bloodstained altar of Trog.
  5874 | D:4      | Identified the +2 robe of Muttered Phrases {Str+4 Int+3
                  | Dex-5}
  5884 | D:4      | Found an ancient bone altar of Kikubaaqudgha.
  5911 | D:4      | Reached skill level 1 in Armour
  6044 | D:4      | Reached * piety under Vehumet
  6044 | D:4      | Offered knowledge of Magic Dart by Vehumet.
  6147 | D:4      | Reached XP level 6. HP: 25/32 MP: 11/15
  6830 | D:3      | Succumbed to an orc's poison

Illustrated notes

Levels and vault maps discovered:
D:1:      shiori_arrival_maze, layout_basic, ebering_dispersal_statue_hall,
          minmay_pentomino_u2
D:2:      minmay_recursive_quarters, layout_loops_ring, basic_altar
D:3:      layout_loops_ring, ashenzari_altar_1, nicolae_vehumet_altar_sigil,
          st_stairs_3, uniq_jessica
D:4:      layout_basic, kennysheep_mini, nicolae_uskayaw_suspiria,
          mainiacjoe_overflow_surrounded_room

Skill      XL: |  1  2  3  4  5 |
---------------+----------------+-----
Conjurations   | 2 3 |  3.2
Poison Magic   | 1 2 |  2.7
Transmutations | 1 |  1.7
Spellcasting   | 4 |  4.8
Fire Magic     | 4 |  4.6
Armour         | 1 |  1.2
Dodging        | |  2.4
Stealth        | |  2.4

Action                     |  1- 3 |  4- 6 || total
---------------------------+-------+-------++-------
   Cast: Foxfire           |    83 |   147 ||   230
         Sting             |     5 |    19 ||    24
         Scorch            |       |     1 ||     1
 Armour: Robe              |     3 |    12 ||    15
  Dodge: Dodged            |     6 |    38 ||    44
